 Dungeon Crawl Stone Soup version 0.29-a0-824-gd827844252 (webtiles) character file.

Game seed: 14746817149796515486

1271 Malachi the Cleaver (level 8, -1/52 HPs)
             Began as an Octopode Berserker on July 10, 2022.
             Was a Priest of Trog.
             Slain by a scorpion (8 damage)
             ... on level 5 of the Dungeon.
             The game lasted 00:05:42 (6028 turns).

Malachi the Cleaver (Octopode Berserker)            Turns: 6028, Time: 00:05:44

Health: -1/52      AC:  1    Str: 18    XL:     8   Next: 53%
Magic:  8/8        EV: 13    Int:  9    God:    Trog [***...]
Gold:   196        SH:  0    Dex: 12    Spells: 7/7 levels left

rFire   . . .      SeeInvis .   j - +0 war axe
rCold   . . .      Faith    .   (no shield)
rNeg    . . .      Spirit   .   (helmet restricted)
rPois   .          Reflect  .   (no amulet)
rElec   .          Harm     .   (no ring)
rCorr   .          Rampage  .   (no ring)
Will    .....                   (no ring)
Stlth   ++++......              (no ring)
HPRegen 0.17/turn               (no ring)
MPRegen 0.11/turn               (no ring)
                                (no ring)
                                (no ring)

@: lethally poisoned (-1 -> -24)
A: almost no armour, amphibious, 8 rings, camouflage 1, gelatinous body 1,
(nimble swimmer 1), tentacles
a: Renounce Religion, Berserk, Trog's Hand


You were on level 5 of the Dungeon.
You worshipped Trog.
Trog was most pleased with you.
You visited 1 branch of the dungeon, and saw 5 of its levels.
You also visited: Sewer.

You collected 196 gold pieces.

Inventory:

Hand Weapons
 j - a +0 war axe (weapon)
Missiles
 d - 6 javelins
 r - a curare-tipped dart (quivered)
Wands
 n - a wand of roots (10)
Scrolls
 b - 3 scrolls of teleportation
 c - a scroll of immolation
 g - a scroll of enchant weapon
 h - a scroll of blinking
 i - 2 scrolls of enchant armour
 s - a scroll of vulnerability {unknown}
 t - a scroll of fog {unknown}
 v - a scroll of identify
 w - 2 scrolls of torment {unknown}
 y - 3 scrolls of poison {unknown}
Potions
 a - 4 potions of attraction {unknown}
 e - 2 potions of heal wounds {unknown}
 f - 2 potions of haste {unknown}
 k - 2 potions of brilliance {unknown}
 l - 2 potions of degeneration {unknown}
 m - 4 potions of curing {unknown}
 o - 5 potions of resistance {unknown}
 p - 3 potions of invisibility {unknown}
 q - a potion of magic {unknown}
 u - a potion of cancellation {unknown}
 x - a potion of might {unknown}


   Skills:
 - Level 3.0 Fighting
 + Level 10.0 Axes
 - Level 3.0 Dodging
 - Level 4.6 Stealth


You had 7 spell levels left.
You didn't know any spells.
Your spell library contained the following spells:

 Spells                   Type           Power      Damage    Failure   Level
 Foxfire                  Conj/Fire      0%         2x1d4     38%         1
 Summon Small Mammal      Summ           0%         N/A       38%         1
 Ensorcelled Hibernation  Hex/Ice        0%         N/A       52%         2
 Passwall                 Tmut/Erth      0%         N/A       52%         2
 Call Canine Familiar     Summ           0%         N/A       77%         3
 Conjure Flame            Conj/Fire      0%         6-21      77%         3
 Inner Flame              Hex/Fire       0%         N/A       77%         3
 Summon Guardian Golem    Hex/Summ       0%         N/A       77%         3
 Swiftness                Air            0%         N/A       77%         3
 Flame Wave               Conj/Fire      0%         2d4       99%         4


Dungeon Overview and Level Annotations

Branches:
Dungeon (5/15)              Sewer (visited)
 Temple: D:4-7

Altars:
Fedhas
Qazlal
Vehumet


Innate Abilities, Weirdness & Mutations

You cannot wear most types of armour.
You are amphibious.
You can wear up to eight rings at the same time.
Your skin changes colour to match your surroundings (Stealth+).
Your rubbery body absorbs attacks. (AC +1, EV +1)
((You are camouflaged when in or above water. (Stealth+)))
You have tentacles for arms and can constrict up to eight enemies at once.


Message History

You start resting.
You feel yourself speed up.
You start resting.
You start resting.
Items here: ))) ††††.
Items here: )) [ †.
Found a stone staircase leading down.
n - a wand of roots (10) (gained 6 charges)
Things that are here:
a +2 antimagic flail; a +0 chain mail; the human corpse of Edmund You recover from your berserk rage.
Items here: )) [ †.
You start resting.
A quokka comes into view.
A quokka is nearby!
A quokka is nearby!
You closely miss the quokka. Your grab misses the quokka. The quokka bites you.
You slash the quokka!
You kill the quokka!
Trog accepts your kill.
A scorpion comes into view.
You see here a quokka corpse.
A scorpion is nearby!
You are too injured to fight recklessly!
You are too injured to fight recklessly!
You are too injured to fight recklessly!
You are too injured to fight recklessly!
Things that are here:
a +2 antimagic flail; a +0 chain mail; the human corpse of Edmund The scorpion stings you!
You are poisoned.
The scorpion poisons you!
You closely miss the scorpion. You grab the scorpion.
You constrict the scorpion.
You feel very sick. The scorpion stings you!
* * * LOW HITPOINT WARNING * * *
You are more poisoned.
The scorpion poisons you! The scorpion stings you!
You die...

≈.. ... ..## .. ...##
.# #..##.####.# ≈
#..........#
...###..##.)...## ##
........######.#####.
...######..# #.......
#..>.s@...# #..####.
...#######)######..#
## #†#))......# #
##.######.## # #.#
#.# # #.# #.# # ..#
#.# # ### #.......
########


You could see a scorpion.

Vanquished Creatures
  Grinder (D:5)
  Edmund (D:5)
  A black bear (D:5)
  An ogre (D:4)
  A kobold brigand (Sewer)
  A necrophage (D:5)
  2 scorpions (D:5)
  3 orc priests
  A hound (D:4)
  Terence (D:2)
  Jessica (D:2)
  2 iguanas (D:5)
  An orc wizard (D:3)
  9 adders
  6 river rats
  An ufetubus (D:5)
  2 worms (D:4)
  2 dart slugs (D:2)
  12 orcs
  7 bats
  8 endoplasms
  7 giant cockroaches
  8 goblins
  6 hobgoblins
  10 jackals
  9 quokkas
  8 ball pythons
  3 frilled lizards
  23 kobolds
  28 rats
166 creatures vanquished.

Notes
Turn   | Place    | Note
-------+----------+-------------------------------------------
     0 | D:1      | Malachi the Octopode Berserker began the quest for the Orb.
     0 | D:1      | Reached XP level 1. HP: 16/16 MP: 1/1
   246 | D:1      | Reached XP level 2. HP: 18/21 MP: 2/2
   623 | D:1      | Reached skill level 1 in Stealth
   844 | D:1      | Reached XP level 3. HP: 26/26 MP: 3/3
   983 | D:2      | Reached skill level 4 in Axes
  1016 | D:2      | Noticed Terence
  1029 | D:2      | Killed Terence
  1030 | D:2      | Reached XP level 4. HP: 22/31 MP: 4/4
  1159 | D:2      | Found a blossoming altar of Fedhas.
  1327 | D:2      | Found a faded altar of an unknown god.
  1331 | D:2      | Reached ** piety under Trog
  1406 | D:2      | Noticed Jessica
  1445 | D:2      | Killed Jessica
  1446 | D:2      | Reached skill level 5 in Axes
  1446 | D:2      | Reached XP level 5. HP: 35/36 MP: 5/5
  1873 | D:3      | Found a blossoming altar of Fedhas.
  2729 | D:3      | Found a radiant altar of Vehumet.
  2921 | D:4      | Found a glowing drain.
  2935 | D:4      | Reached XP level 6. HP: 10/42 MP: 6/6
  3093 | Sewer    | Entered a sewer
  3304 | Sewer    | Reached skill level 6 in Axes
  3540 | Sewer    | Reached *** piety under Trog
  4399 | D:4      | Found a stormy altar of Qazlal.
  4840 | D:4      | Reached XP level 7. HP: 39/46 MP: 7/7
  4847 | D:4      | Reached skill level 7 in Axes
  5462 | D:5      | Entered Level 5 of the Dungeon
  5585 | D:5      | Noticed Grinder
  5597 | D:5      | Killed Grinder
  5598 | D:5      | Reached skill level 8 in Axes
  5602 | D:5      | Reached XP level 8. HP: 43/52 MP: 8/8
  5704 | D:5      | Reached skill level 9 in Axes
  5868 | D:5      | Noticed Edmund
  5877 | D:5      | HP: 3/78 [constriction (4)]
  5878 | D:5      | Killed Edmund
  5888 | D:5      | Reached skill level 10 in Axes
  6028 | D:5      | Slain by a scorpion

Illustrated notes

Levels and vault maps discovered:
D:1:      dpeg_arrival_three_bigger_balls, layout_basic
D:2:      layout_rooms, basic_altar, nicolae_ecumenical_snake_handling,
          uniq_jessica, uniq_terence
D:3:      layout_basic, lemuel_tele_altar, mainiacjoe_overflow_chevrons,
          nicolae_underground_beach
D:4:      layout_basic, mainiacjoe_overflow_catwalk, portal_sewer_entry_c
D:5:      layout_loops_ring, minmay_temple_entry_water_ring, uniq_edmund,
          uniq_grinder, uniq_ijyb

Skill      XL: |  1  2  3  4  5  6  7  8 |
---------------+-------------------------+-----
Stealth        | 1 2 3 4 |  4.6
Axes           | 4 5 6 8 10 | 10.0
Fighting       | |  3.0
Dodging        | |  3.0

Action                   |  1- 3 |  4- 6 |  7- 9 || total
-------------------------+-------+-------+-------++-------
Melee: Hand axe          |    36 |    60 |       ||    96
       Constrict         |     7 |    29 |    24 ||    60
       Tentacles         |     6 |    22 |    16 ||    44
       War axe           |       |    88 |    71 ||   159
       Punch             |       |     2 |     4 ||     6
Invok: Berserk           |     1 |     9 |     4 ||    14
       Trog's Hand       |       |       |     1 ||     1
  Use: Scroll            |       |     4 |     3 ||     7
 Stab: Sleeping          |     5 |    10 |     4 ||    19
       Distracted        |       |     1 |       ||     1
Armor: Skin              |    11 |     6 |     3 ||    20
Dodge: Dodged            |    37 |    80 |    42 ||   159

Table legend: (Time is in decaauts)
 A = Elapsed time spent in this place.
 B = Non-inter-level travel time spent in this place.
 C = Inter-level travel time spent in this place.
 D = Time resting spent in this place.
 E = Time spent auto-exploring this place.
 F = Levels seen in this place.
 G = Mean time per level.
                   A        B        C        D        E       F      G
               +--------+--------+--------+--------+--------+-----+--------+
         Total |   6180 |   6106 |     74 |   2058 |   3047 |   6 | 1030.0 |
       Dungeon |   4824 |   4750 |     74 |   1407 |   2682 |   5 |  964.8 |
         Sewer |   1356 |   1356 |      0 |    651 |    365 |   1 | 1356.0 |
               +--------+--------+--------+--------+--------+-----+--------+

Top non-repeatable levels by time:
   Sewer: 1356 daAuts
     D:4: 1298 daAuts
     D:3: 1066 daAuts
     D:1: 993 daAuts
     D:2: 884 daAuts
     D:5: 582 daAuts
